 Dungeon Crawl Stone Soup version 0.27-a0-423-gf312af23e9 (webtiles) character file.

Game seed: 10152054718290128964

64 Maimakterion the Ducker (level 3, -19/36 HPs)
             Began as a Troll Fighter on Feb 27, 2021.
             Demolished by an ogre
             ... wielding a +0 giant club
              (23 damage)
             ... on level 2 of the Dungeon.
             The game lasted 00:00:57 (1225 turns).

Maimakterion the Ducker (Troll Fighter)             Turns: 1225, Time: 00:00:58

Health: -19/36     AC:  4    Str: 25    XL:     3   Next: 91%
Magic:  2/2        EV:  8    Int:  4    God:
Gold:   96         SH:  9    Dex:  9    Spells: 2/2 levels left

rFire    . . .     SeeInvis .     - Unarmed
rCold    . . .     Faith    .   b - +0 kite shield
rNeg     . . .     Spirit   .   a - +0 robe
rPois    .         Reflect  .   (helmet restricted)
rElec    .         Harm     .   (no cloak)
rCorr    .         Rampage  .   (gloves unavailable)
Will     .....                  (boots unavailable)
Stlth    +.........             (no amulet)
HPRegen  1.12/turn              (no ring)
MPRegen  0.08/turn              (no ring)

@: no status effects
A: large, unfitting armour, claws 3, regeneration 1, shaggy fur 1, tough skin 1
a: no special abilities


You were on level 2 of the Dungeon.
You visited 1 branch of the dungeon, and saw 2 of its levels.

You collected 96 gold pieces.

Inventory:

Armour
 a - a +0 robe (worn)
 b - a +0 kite shield (worn)
Scrolls
 e - 5 scrolls of identify {unknown}
 h - a scroll of blinking {unknown}
 i - a scroll of fog {unknown}
 j - a scroll of teleportation {unknown}
Potions
 c - a potion of might
 d - 2 potions of brilliance {unknown}
 f - 4 potions of flight {unknown}
 g - a potion of degeneration {unknown}
 k - a potion of heal wounds {unknown}


   Skills:
 * Level 2.8 Fighting
 * Level 3.1 Dodging
 + Level 2.8 Shields
 + Level 2.5 Unarmed Combat


You had 2 spell levels left.
You didn't know any spells.
Your spell library was empty.

Dungeon Overview and Level Annotations

Branches:
Dungeon (2/15)

Altars:


Innate Abilities, Weirdness & Mutations

You are too large for most types of armour.
You have claws for hands.
Your natural rate of healing is unusually fast.
You are covered in fur. (AC +1)
You have tough skin. (AC +1)


Message History

You take 4 damage, and have 32/36 hp.
You scratch the quokka.
The quokka is heavily wounded.
The quokka closely misses you.
You claw the quokka!
You kill the quokka!
No target in view!
No target in view!
No target in view!
No target in view!
No target in view!
You see here a quokka corpse.
An ogre comes into view. It is wielding a +0 giant club.
The ogre shouts!
Health restored: 36 An ogre is nearby!
An ogre is nearby!
An ogre is nearby!
You claw the ogre!
The ogre is moderately wounded.
The ogre hits you with a +0 giant club!
You take 17 damage, and have 19/36 hp.
MASSIVE DAMAGE!!
You barely miss the ogre.
The ogre is moderately wounded.
The ogre hits you with a +0 giant club!
* * * LOW HITPOINT WARNING * * *
You take 9 damage, and have 10/36 hp.
MASSIVE DAMAGE!!
You scratch the ogre.
The ogre is heavily wounded.
You block the ogre's attack.
You scratch the ogre.
The ogre is severely wounded.
The ogre hits you with a +0 giant club!
* * * LOW HITPOINT WARNING * * *
You take 9 damage, and have 2/36 hp.
MASSIVE DAMAGE!!
You barely miss the ogre.
The ogre is severely wounded.
The ogre hits you with a +0 giant club!!
Ouch! That really hurt!
You die...

#..........# ..#
#######.#### #.# # #.#
#.# # #.# #.# #
#.##############.#
########................#
.......<.##############.#
#################....†..#
......O@>#######
##########


You could see an ogre.

Vanquished Creatures
  Jessica (D:2)
  A worm (D:2)
  2 dart slugs (D:1)
  A ball python (D:2)
  A giant cockroach (D:1)
  5 goblins
  6 hobgoblins (D:1)
  2 jackals (D:1)
  A quokka (D:2)
  2 bats
  A frilled lizard (D:1)
  2 kobolds (D:2)
  6 rats
31 creatures vanquished.

Notes
Turn   | Place    | Note
-------+----------+-------------------------------------------
     0 | D:1      | Maimakterion the Troll Fighter began the quest for the Orb.
     0 | D:1      | Reached XP level 1. HP: 22/22 MP: 0/0
   134 | D:1      | Reached XP level 2. HP: 29/29 MP: 1/1
   919 | D:2      | Reached XP level 3. HP: 34/36 MP: 2/2
  1007 | D:2      | Noticed Jessica
  1018 | D:2      | Killed Jessica
  1019 | D:2      | Reached skill level 3 in Dodging
  1217 | D:2      | Noticed an ogre
  1225 | D:2      | Demolished by an ogre

Illustrated notes

Levels and vault maps discovered:
D:1:      minmay_arrival_three_doors, layout_basic
D:2:      minmay_chambers_of_twos, layout_loops_ring, uniq_jessica

Skill      XL: |  1  2  3 |
---------------+----------+-----
Dodging        | 3 |  3.1
Fighting       | |  2.8
Shields        | |  2.8
Unarmed Combat | |  2.5

Action                   || total
-------------------------++-------
Melee: Unarmed           ||    96
Armor: Robe              ||    28
Dodge: Dodged            ||    33
Block: Kite shield       ||    41

Table legend: (Time is in decaauts)
 A = Elapsed time spent in this place.
 B = Non-inter-level travel time spent in this place.
 C = Inter-level travel time spent in this place.
 D = Time resting spent in this place.
 E = Time spent auto-exploring this place.
 F = Levels seen in this place.
 G = Mean time per level.
                   A        B        C        D        E       F      G
               +--------+--------+--------+--------+--------+-----+--------+
         Total |   1240 |   1221 |     19 |      0 |    988 |   2 |  620.0 |
       Dungeon |   1240 |   1221 |     19 |      0 |    988 |   2 |  620.0 |
               +--------+--------+--------+--------+--------+-----+--------+

Top non-repeatable levels by time:
     D:1: 921 daAuts
     D:2: 319 daAuts
